Map: Thunderbird LE

Players

Clem - Winner!

  • Race: Terran Terran
  • League: Master
  • Spawn Location: 11:00

liquidthermy (uThermal)

  • Race: Terran Terran
  • Spawn Location: 5:00

Event: HomeStory Cup XX

VOD

Have the link to the VOD?

Description

Time

  • Played on: Nov. 23, 2019, 5:28 a.m.
  • Length: 21:07

All games in this series

Show
View Real Time Build Order
Export as new Build Order

Clem Terran - Winner!

Build Orders: Mech 

Get SALT Encoding   

  12  0:00  SCV  
  13  0:12  SCV  
  14  0:17  Supply Depot  
  14  0:25  SCV  
  15  0:40  Barracks  
  15  0:44  Refinery  
  15  0:56  Barracks  
  15  1:01  SCV  
  16  1:13  SCV  
  17  1:27  Reaper  
  17  1:28  Refinery  
  17  1:30  Orbital Command  
  18  1:43  Supply Depot  
  18  1:44  Reaper  
  19  1:55  SCV  
  19  1:59  Reaper  
  21  2:07  SCV  
  22  2:16  Factory  
  22  2:19  SCV  
  23  2:25  Reaper  
  24  2:31  SCV  
  25  2:43  SCV  
  26  2:55  Command Center  
  26  2:58  SCV  
  27  3:07  Starport  
  27  3:11  Factory Tech Lab  
  27  3:14  SCV  
  28  3:20  Supply Depot  
  28  3:27  SCV  
  29  3:37  Cyclone  
  29  3:40  SCV  
  31  3:47  Starport Tech Lab  
  30  3:53  SCV  
  30  4:00  Refinery  
  30  4:05  SCV  
  30  4:06  Medivac  
  30  4:08  Orbital Command  
  30  4:09  Cyclone  
  36  4:20  Marine  
  37  4:26  SCV  
  38  4:33  Command Center  
  38  4:35  SCV  
  39  4:38  SCV  
  39  4:41  Raven  
  42  4:48  Siege Tank  
  42  4:49  SCV  
  42  4:50  SCV  
  47  4:56  Barracks Reactor  
  47  5:01  SCV  
  48  5:11  SCV  
  49  5:14  SCV  
  49  5:15  Refinery  
  50  5:23  SCV  
  50  5:26  SCV, Raven  
  54  5:32  Supply Depot  
  54  5:33  Supply Depot  
  54  5:37  SCV  
  54  5:41  Siege Tank  
  54  5:42  SCV  
  51  5:46  Orbital Command  
  51  5:48  Marine x2  
  51  5:49  SCV  
  54  5:56  SCV  
  55  6:01  Factory x2, SCV  
  56  6:13  Orbital Command  
  56  6:14  Siege Tank, SCV x2  
  56  6:16  Barracks Reactor  
  61  6:22  Viking  
  61  6:24  Viking  
  65  6:25  Refinery, Supply Depot  
  65  6:26  SCV  
  65  6:28  Refinery  
  65  6:30  SCV  
  66  6:40  SCV x2  
  66  6:43  SCV  
  69  6:50  Armory x2  
  69  6:53  Viking  
  71  6:55  Viking  
  71  6:56  SCV x3  
  71  6:58  Supply Depot  
  76  7:08  SCV  
  77  7:09  Supply Depot, SCV x2  
  79  7:15  Command Center  
  79  7:20  SCV  
  79  7:21  SCV x2  
  82  7:25  Viking  
  82  7:26  Viking  
  86  7:30  Siege Tank x2  
  86  7:33  Supply Depot  
  86  7:34  SCV x2  
  86  7:35  SCV  
  95  7:42  Terran Vehicle And Ship Armor Level 1, Terran Vehicle Weapons Level 1  
  95  7:45  Hellion x2  
  95  7:50  SCV x3  
  101  8:00  Viking, Supply Depot, Factory  
  101  8:01  Factory  
  101  8:02  SCV  
  101  8:03  Viking  
  106  8:06  SCV x2  
  106  8:11  Supply Depot  
  108  8:14  SCV, Mag-Field Accelerator  
  108  8:15  Infernal Pre-Igniter  
  108  8:18  Hellion x2  
  113  8:22  Cyclone  
  113  8:23  Cyclone  
  113  8:25  SCV x2  
  121  8:28  SCV  
  120  8:37  SCV x2  
  120  8:40  SCV  
  123  8:45  Refinery  
  123  8:48  Refinery  
  123  8:49  Orbital Command, SCV x2  
  123  8:50  Hellion x2, Supply Depot, Engineering Bay  
  123  8:51  Factory Tech Lab, Factory Reactor  
  123  8:55  SCV  
  130  8:58  Factory Tech Lab  
  130  9:01  Siege Tank x2, SCV x2  
  138  9:04  Viking x2  
  138  9:07  SCV  
  143  9:13  SCV x2  
  143  9:15  Command Center  
  145  9:17  SCV  
  145  9:19  SCV  
  145  9:20  Cyclone  
  145  9:22  Cyclone  
  153  9:26  SCV  
  153  9:27  Supply Depot  
  153  9:30  SCV x2  
  156  9:33  Sensor Tower  
  156  9:35  Missile Turret  
  156  9:37  Missile Turret  
  156  9:40  SCV  
  156  9:41  Terran Vehicle And Ship Armor Level 2, Terran Vehicle Weapons Level 2  
  156  9:43  Siege Tank  
  83  9:45  Viking  
  160  9:48  Viking  
  164  9:59  Supply Depot  
  164  10:00  Siege Tank x2  
  164  10:01  Starport  
  164  10:02  Starport  
  170  10:10  Supply Depot, Thor  
  166  10:16  Hellion x2  
  168  10:23  Siege Tank  
  163  10:32  Siege Tank  
  164  10:36  Command Center x2, Siege Tank  
  164  10:41  Starport Tech Lab x2  
  166  10:48  Fusion Core  
  166  10:52  Viking x2  
  166  10:53  Siege Tank  
  164  11:06  Starport, Viking x2  
  164  11:07  Refinery x2, Starport  
  164  11:10  Siege Tank  
  171  11:14  Planetary Fortress  
  171  11:15  Missile Turret  
  171  11:23  Siege Tank  
  174  11:28  Command Center  
  174  11:29  Command Center  
  174  11:33  Viking x2  
  178  11:42  Battlecruiser  
  184  11:52  Orbital Command x2  
  184  11:57  Missile Turret  
  184  11:58  Battlecruiser  
  184  11:59  Starport Tech Lab  
  184  12:00  Starport Tech Lab  
  190  12:01  Starport Reactor  
  190  12:05  Terran Vehicle And Ship Armor Level 3  
  190  12:07  Hellion x2  
  194  12:15  Viking x2  
  196  12:25  Cyclone x3  
  189  12:31  Cyclone  
  192  12:40  Hellion x2  
  192  12:41  Command Center x2  
  192  12:42  Command Center  
  196  12:50  Weapon Refit  
  196  12:52  Terran Ship Weapons Level 1  
  196  12:54  Orbital Command  
  196  13:07  Command Center  
  196  13:10  Battlecruiser  
  198  13:28  Planetary Fortress  
  198  13:29  Command Center x2  
  198  13:32  Refinery x2, Missile Turret x2  
  198  13:34  Missile Turret  
  196  14:02  Orbital Command x3  
  196  14:07  Command Center  
  196  14:12  Starport  
  196  14:13  Starport  
  196  14:30  Advanced Ballistics  
  187  14:32  Battlecruiser x2  
  199  14:53  Starport Tech Lab x2  
  199  14:56  Terran Ship Weapons Level 2, Terran Vehicle Weapons Level 3  
  190  15:19  Battlecruiser x2  
  190  15:20  Siege Tank x3  
  199  15:23  Hellion  
  199  15:24  Orbital Command x2  
  199  15:26  Cyclone  
  191  15:28  SCV x2  
  191  15:29  SCV  
  191  15:30  Smart Servos, SCV  
  176  15:37  SCV  
  175  15:49  Hellion x2  
  179  15:51  Battlecruiser  
  179  15:52  Hellion, Viking x2  
  191  15:58  Viking  
  181  16:04  Viking  
  164  16:12  Thor  
  166  16:19  Viking  
  170  16:25  Battlecruiser  
  176  16:40  Battlecruiser  
  161  16:54  Battlecruiser  
  161  16:56  Orbital Command  
  165  17:05  Battlecruiser  
  170  17:28  Planetary Fortress  
  176  17:30  Battlecruiser  
  182  17:44  Viking, Battlecruiser  
  182  17:45  Viking  
  182  17:46  Viking x2  
  188  17:55  Siege Tank x2  
  194  17:58  Hellion, Battlecruiser  
  200  18:07  Siege Tank  
  200  18:12  Siege Tank  
  187  18:26  Battlecruiser  
  187  18:27  Siege Tank  
  199  18:34  Battlecruiser  
  199  18:36  SCV  
  199  18:37  Hellion x2  
  188  18:46  Siege Tank x2  
  177  18:48  Battlecruiser  
  174  18:56  Siege Tank  
  174  18:59  Siege Tank  
  174  19:03  Battlecruiser  
  174  19:06  Viking x3  
  174  19:08  Hellion x2  
  190  19:18  Siege Tank  
  193  19:30  Battlecruiser  
  198  19:35  Refinery  
  198  19:36  Refinery  
  198  19:38  Battlecruiser  
  185  19:43  Siege Tank  
  185  19:44  Siege Tank  
  187  19:46  Hellion x3  
  187  19:52  Battlecruiser  
  192  20:07  Siege Tank x2  
  192  20:08  Orbital Command  
Show
View Real Time Build Order
Export as new Build Order

liquidthermy Terran 

Build Orders:  

Get SALT Encoding   

  12  0:01  SCV  
  13  0:13  SCV  
  14  0:17  Supply Depot  
  14  0:25  SCV  
  14  0:27  Refinery  
  15  0:39  SCV  
  16  0:44  Barracks  
  16  0:51  SCV  
  17  1:03  SCV  
  18  1:15  SCV  
  19  1:31  Orbital Command, Reaper  
  20  1:46  Bunker x2  
  20  1:57  SCV  
  21  2:03  Reaper  
  22  2:18  Command Center  
  23  2:23  Factory  
  23  2:27  Supply Depot  
  22  2:30  Refinery  
  22  2:35  Reaper  
  23  2:48  SCV  
  24  3:00  SCV  
  25  3:08  Hellion, Barracks Tech Lab  
  27  3:13  Supply Depot, SCV  
  27  3:16  Starport  
  28  3:25  SCV  
  29  3:33  Orbital Command  
  29  3:35  Barracks Reactor  
  29  3:37  SCV  
  29  3:47  Cyclone  
  30  3:50  SCV  
  31  3:58  Starport Tech Lab  
  31  4:00  Orbital Command  
  31  4:01  Command Center  
  31  4:02  SCV  
  32  4:11  Marine x2  
  32  4:14  SCV  
  35  4:17  Raven  
  37  4:25  SCV  
  37  4:26  SCV  
  37  4:29  Marine x2, Refinery  
  37  4:30  Refinery  
  41  4:36  Siege Tank  
  41  4:37  SCV  
  45  4:39  SCV  
  46  4:47  Marine x2  
  46  4:49  SCV  
  46  4:51  SCV  
  50  4:54  Supply Depot  
  50  5:01  SCV  
  50  5:03  SCV, Raven  
  50  5:04  Marine  
  54  5:12  Supply Depot  
  54  5:13  Marine, SCV  
  56  5:15  SCV  
  56  5:18  Siege Tank  
  60  5:27  Marine  
  60  5:28  SCV  
  60  5:30  Marine  
  61  5:42  SCV  
  62  5:50  Siege Tank  
  62  5:52  SCV  
  62  5:54  SCV  
  66  6:00  Viking x2, Supply Depot  
  66  6:03  Orbital Command  
  70  6:04  SCV  
  70  6:06  SCV  
  72  6:17  SCV  
  73  6:18  SCV  
  73  6:23  Supply Depot, Siege Tank  
  77  6:29  SCV x2  
  77  6:31  Viking, SCV  
  82  6:33  Viking  
  84  6:41  SCV  
  84  6:43  Supply Depot  
  84  6:44  SCV x2  
  87  6:50  Armory  
  87  6:51  Armory  
  87  6:53  SCV  
  87  6:56  Refinery, SCV x2  
  87  6:57  Refinery  
  87  6:58  Supply Depot  
  87  7:00  Siege Tank  
  92  7:04  Viking  
  92  7:05  SCV  
  95  7:09  Viking  
  95  7:11  SCV  
  95  7:12  SCV  
  99  7:16  Supply Depot  
  99  7:17  SCV  
  99  7:18  Engineering Bay  
  100  7:23  SCV  
  100  7:24  Supply Depot  
  100  7:26  SCV  
  100  7:29  SCV  
  103  7:32  Siege Tank  
  103  7:33  Supply Depot  
  103  7:35  Viking  
  108  7:39  Viking  
  108  7:40  SCV  
  108  7:41  SCV x2  
  108  7:43  Supply Depot  
  113  7:45  Terran Vehicle Weapons Level 1  
  113  7:47  Terran Vehicle And Ship Armor Level 1  
  112  7:52  Supply Depot, SCV  
  112  7:53  SCV x2  
  115  8:04  Sensor Tower, Siege Tank  
  115  8:05  Viking, SCV  
  121  8:06  SCV  
  121  8:09  Viking  
  124  8:14  SCV  
  124  8:16  Factory x2  
  124  8:17  SCV  
  124  8:18  SCV  
  124  8:19  Barracks Reactor  
  127  8:22  Missile Turret  
  127  8:23  Missile Turret  
  127  8:24  Missile Turret  
  125  8:34  Supply Depot  
  125  8:35  Viking  
  125  8:37  Siege Tank  
  125  8:39  Viking  
  125  8:40  Supply Depot  
  132  8:47  Factory x2  
  132  8:52  Command Center  
  132  9:02  Command Center  
  131  9:03  Siege Tank  
  131  9:08  Viking  
  131  9:09  Siege Tank  
  139  9:11  Viking  
  139  9:16  SCV  
  142  9:19  Hellion x2  
  146  9:24  SCV  
  146  9:26  Infernal Pre-Igniter, Mag-Field Accelerator  
  146  9:30  SCV  
  148  9:34  Factory Tech Lab  
  148  9:35  Factory Reactor  
  148  9:40  Command Center  
  148  9:43  Hellion, Command Center  
  148  9:45  Hellion  
  152  9:49  Viking  
  152  9:51  Viking  
  156  9:55  Supply Depot  
  156  9:57  Cyclone  
  159  10:00  Cyclone  
  159  10:04  Cyclone  
  147  10:19  Hellion x2  
  147  10:20  Hellion  
  137  10:21  Viking x2  
  137  10:24  Hellion  
  143  10:30  Hellion  
  143  10:32  Cyclone  
  143  10:33  SCV x3  
  133  10:39  Cyclone  
  133  10:40  Orbital Command  
  136  10:45  SCV x3  
  139  10:50  Hellion  
  139  10:51  Hellion, Cyclone  
  146  11:04  Sensor Tower  
  146  11:07  Cyclone  
  141  11:12  Planetary Fortress  
  141  11:13  Barracks  
  141  11:14  Cyclone  
  141  11:17  Viking x2  
  148  11:24  Refinery x2  
  148  11:25  Cyclone  
  143  11:29  Hellion x2  
  143  11:31  Hellion  
  149  11:34  Hellion  
  151  11:40  Cyclone  
  154  11:47  Viking x2  
  154  11:53  Cyclone  
  161  12:00  Missile Turret  
  161  12:03  Cyclone  
  161  12:04  Hellion x2  
  168  12:14  Orbital Command  
  168  12:15  Supply Depot, Orbital Command  
  168  12:19  Hellion, Cyclone  
  173  12:22  Hellion  
  173  12:26  Cyclone  
  173  12:29  Hellion  
  163  12:31  Viking x2  
  163  12:32  Hellion  
  163  12:35  Cyclone  
  166  12:41  Hellion  
  165  12:49  Hellion  
  165  12:50  Hellion  
  169  12:51  Starport x2, Cyclone  
  169  12:54  Hellion  
  169  12:57  Command Center  
  169  12:58  Cyclone  
  171  13:08  Hellion, Siege Tank  
  171  13:10  Hellion  
  161  13:15  Viking x2  
  161  13:17  Hellion, Smart Servos  
  167  13:23  Siege Tank  
  167  13:25  Terran Vehicle And Ship Armor Level 2, Terran Vehicle Weapons Level 2  
  167  13:26  Fusion Core  
  170  13:30  Siege Tank  
  173  13:36  Hellion  
  173  13:40  Siege Tank  
  176  13:43  Hellion  
  176  13:46  Viking x3  
  184  13:51  Command Center  
  184  13:53  Hellion  
  189  13:55  Cyclone  
  189  13:59  Hellion  
  189  14:02  Cyclone  
  194  14:04  Viking  
  194  14:08  Missile Turret  
  196  14:12  Orbital Command, Cyclone  
  199  14:27  Cyclone  
  191  14:31  Hellion  
  191  14:34  Cyclone  
  191  14:38  Viking  
  196  14:39  Viking  
  196  14:41  Orbital Command  
  196  14:42  Hellion  
  194  15:07  Viking x2  
  194  15:08  Viking  
  194  15:11  Viking  
  196  15:17  Hellion  
  196  15:18  Hellion  
  196  15:22  Hellion  
  196  15:24  Hellion, Cyclone  
  196  15:31  Hellion, Cyclone  
  187  15:37  Viking  
  187  15:38  Hellion  
  187  15:39  Hellion  
  187  15:40  Viking  
  187  15:41  Terran Ship Weapons Level 1  
  175  15:44  Hellion  
  175  15:45  Terran Vehicle Weapons Level 3  
  177  15:50  Hellion  
  177  15:52  Cyclone  
  177  15:56  Cyclone  
  185  15:59  Hellion  
  185  16:01  Hellion  
  185  16:03  Cyclone  
  178  16:05  Hellion  
  178  16:06  Sensor Tower  
  156  16:12  Hellion  
  156  16:17  Viking  
  146  16:21  Hellion  
  146  16:23  Hellion  
  146  16:24  Cyclone  
  143  16:26  Hellion  
  143  16:27  Planetary Fortress  
  143  16:28  Cyclone  
  148  16:33  Hellion  
  148  16:35  Cyclone  
  153  16:41  Missile Turret  
  153  16:42  Hellion  
  153  16:44  Hellion, Missile Turret  
  153  16:46  Missile Turret  
  157  16:47  Refinery x2  
  157  16:49  Hellion  
  149  16:54  Hellion  
  149  16:56  Viking, Cyclone  
  149  17:00  Cyclone  
  158  17:04  Hellion, Viking  
  158  17:07  Hellion, Cyclone  
  167  17:12  Hellion  
  164  17:16  Hellion  
  159  17:25  Hellion  
  159  17:26  Viking  
  159  17:28  Cyclone  
  164  17:33  Cyclone  
  164  17:34  Viking  
  164  17:35  Terran Vehicle And Ship Armor Level 3  
  164  17:36  Hellion  
  171  17:39  Cyclone  
  174  17:45  Hellion  
  174  17:50  Hellion  
  176  17:56  Viking  
  176  17:57  Hellion  
  184  18:00  Cyclone  
  184  18:04  Viking  
  184  18:05  Cyclone  
  188  18:09  Hellion  
  188  18:11  Hellion, Cyclone  
  182  18:13  Hellion  
  182  18:18  Hellion  
  184  18:26  Viking  
  182  18:31  Hellion  
  182  18:32  Hellion, Cyclone  
  187  18:35  Hellion  
  187  18:37  Cyclone  
  187  18:40  Hellion  
  173  18:43  Liberator, Cyclone  
  173  18:44  Liberator  
  121  18:52  Hellion  
  121  18:53  Hellion  
  117  18:56  Hellion  
  117  19:01  Hellion  
  127  19:04  Cyclone  
  127  19:09  Cyclone  
  133  19:13  Hellion  
  133  19:15  Hellion, Cyclone  
  137  19:18  Hellion  
  137  19:22  Hellion  
  139  19:35  Hellion  
  139  19:36  Hellion  
  139  19:37  Cyclone  
  142  19:39  Hellion  
  142  19:41  Hellion  
  142  19:44  Hellion  
  148  19:48  Cyclone  
  151  19:56  Hellion  
  151  19:58  Hellion  
  149  20:00  Hellion  
  149  20:02  Cyclone  
  149  20:05  Hellion  
  155  20:09  Cyclone  
  158  20:17  Hellion  
  158  20:20  Cyclone  
  163  20:21  Hellion  
  160  20:29  Hellion  
  160  20:34  Cyclone  
  165  20:36  Hellion  
  155  20:43  Hellion  
Tags
 
Composition
Mech
League
Master
Matchup
TvT
Race
Terran
Spawn Locations
Cross Positions
Add a new tag
Caveats
  • Supply blocks, unpowered buildings, or Contaminate may cause inaccurate times.
  • Supply counts are checked every 10 seconds.